 Dungeon Crawl Stone Soup version 0.14.0-26-g1682e81 (webtiles) character file.

896989 tizzy the Conqueror (level 27, -7/258 (266) HPs)
             Began as a Demonspawn Fighter on Apr 24, 2014.
             Was the Champion of Okawaru.
             Mangled by Ereshkigal
             ... wielding a +4,+2 scythe of dragon slaying
              (41 damage)
             ... on Level 7 of Tartarus on Apr 25, 2014.
             The game lasted 07:39:06 (101317 turns).

tizzy the Conqueror (Demonspawn Fighter)          Turns: 101317, Time: 07:39:36

HP  -7/258 (266) AC 25     Str 37      XL: 27
MP   0/43        EV 27     Int 10 (15) God: Okawaru [******]
Gold 6623        SH 39     Dex 17      Spells: 12 memorised, 22 levels left

rFire  + + +     SeeInvis +     g - +10,+6 mithril axe "Arga" {speed, MR+ Str+2}
rCold  + + +     Clarity  .     H - +4 troll leather armour (curse) {Snorg}
rNeg   + . .     Conserve .     z - +0 shield {reflect}
rPois  +         rCorr    .     k - +2 helmet {SInv}
rElec  +         rRot     .     s - +2 cloak {+Inv}
SustAb . .       Spirit   +     p - +2 pair of gloves of Strais {rN+}
rMut   +         Warding  .     (boots unavailable)
Saprov . . .     Stasis   .     c - amulet of resist mutation
MR     +++..                    J - cursed ring of Faotoupt {Contam rF++ rC+ Int+2 Dam+7}
                                b - cursed ring "Idghauwow" {rC+ Str+3 Dam+3}

@: repel missiles, mighty, agile, flying, heroism, finesse, drained, extremely
resistant to hostile enchantments, quite stealthy
A: hooves 3, rugged brown scales 3, conserve scrolls, fire resistance 1, hurl
hellfire, spiny 3, wild magic 1, magic shield, magic regeneration, magic link
a: Hellfire, Heroism, Finesse, Renounce Religion, Evoke Invisibility
}: 6/15 runes: decaying, serpentine, slimy, silver, iron, abyssal


You were on level 7 of Tartarus.
You worshipped Okawaru.
Okawaru was exalted by your worship.
You were not hungry.

You visited 15 branches of the dungeon, and saw 78 of its levels.
You visited the Abyss 3 times.
You also visited: Trove.

You collected 11363 gold pieces.
You spent 4740 gold pieces at shops.

Inventory:

Hand weapons
 g - the +10,+6 mithril axe "Arga" (weapon) {speed, MR+ Str+2}
   (Okawaru gifted it to you on level 10 of the Dungeon)

   Attacks with this weapon are significantly faster.
   It affects your strength (+2).
   It affects your resistance to hostile enchantments.
 h - the cursed +10,+5 hand axe of Klostrurph {flame, Str+2}
   (Okawaru gifted it to you on level 5 of the Snake Pit)

   It emits flame when wielded, causing extra injury to most foes and up to
   double damage against particularly susceptible opponents.
   Big, fiery blades are also staple armaments of hydra-hunters.
   It affects your strength (+2).
   It has a curse placed upon it.
 m - the +13,+3 broad axe "Thi Nairch" {speed, MR++ Str+2}
   (Okawaru gifted it to you on level 7 of Tartarus)

   Attacks with this weapon are significantly faster.
   It affects your strength (+2).
   It affects your resistance to hostile enchantments.
 W - a +5 blowgun
Missiles
 l - 2 javelins of penetration (quivered)
 R - 9 curare-tipped needles
Armour
 k - a +2 helmet of see invisible (worn)
 p - the cursed +2 pair of gloves of Strais (worn) {rN+}
   (Okawaru gifted it to you on level 8 of the Lair of Beasts)

   It protects you from negative energy.
   It has a curse placed upon it.
 s - a +2 cloak of darkness (worn)
 z - a +0 shield of reflection (worn)
 H - a cursed +4 troll leather armour (worn) {Snorg}
Magical devices
 o - a wand of heal wounds (6)
 y - a wand of disintegration (6)
 B - a wand of digging (4)
 E - a wand of cold (7)
 T - a wand of heal wounds (0)
 V - a wand of teleportation (9)
 X - a wand of teleportation (4)
Comestibles
 d - 6 bread rations
 A - 6 meat rations
 M - 3 royal jellies
Scrolls
 e - 3 scrolls of fear
 j - 3 scrolls of identify
 r - 3 scrolls of teleportation
 t - 4 scrolls of remove curse
 u - a scroll of recharging
 N - 5 scrolls of blinking
 P - 3 scrolls of fog
 S - 2 scrolls of magic mapping
Jewellery
 a - an uncursed ring of positive energy
 b - the cursed ring "Idghauwow" (left hand) {rC+ Str+3 Dam+3}
   (You took it off an iron devil on level 7 of the Iron City of Dis)

   [ring of strength]

   It affects your strength (+3).
   It affects your damage with ranged weapons and melee attacks (+3).
   It protects you from cold.
   It has a curse placed upon it.
 c - an amulet of resist mutation (around neck)
 i - a cursed amulet of stasis
 G - a cursed amulet of clarity
 J - the cursed ring of Faotoupt (right hand) {Contam rF++ rC+ Int+2 Dam+7}
   (You bought it in a shop on level 4 of the Vaults)

   [ring of slaying]

   It affects your damage with ranged weapons and melee attacks (+7).
   It affects your intelligence (+2).
   It greatly protects you from fire.
   It protects you from cold.
   It causes magical contamination when unequipped.
   It has a curse placed upon it.
 U - a cursed ring of protection from cold
Potions
 C - a potion of agility
 F - a potion of invisibility


   Skills:
 O Level 27(25.2) Fighting
 O Level 27(25.2) Axes
 - Level 13.9(17.4) Armour
 - Level 9.6(13.2) Dodging
 - Level 20.3(23.6) Shields
 + Level 14.9(13.5) Spellcasting
 - Level 10.8(9.5) Charms
 * Level 17.5(16.0) Necromancy
 - Level 5.5(4.4) Air Magic
 - Level 21.4(19.8) Invocations


You had 22 spell levels left.
You knew the following spells:

 Your Spells              Type           Power        Failure   Level  Hunger
a - Animate Skeleton      Necr           N/A          1%          1    None
b - Blink                 Tloc           N/A          30%         2    None
c - Swiftness             Chrm/Air       ####....     3%          2    None
d - Animate Dead          Necr           N/A          1%          4    ###....
e - Control Undead        Necr           ######....   1%          4    ###....
f - Flight                Chrm/Air       ####......   5%          3    ##.....
g - Regeneration          Chrm/Necr      #####.....   1%          3    ##.....
h - Vampiric Draining     Necr           ######....   1%          3    ##.....
i - Apportation           Tloc           ##........   22%         1    None
j - Sublimation of Blood  Necr           ######....   1%          2    None
k - Deflect Missiles      Chrm/Air       ####......   94%         6    ######.
r - Repel Missiles        Chrm/Air       ####..       3%          2    None


Dungeon Overview and Level Annotations

Branches:
Dungeon (15/15)            Temple (1/1) D:7             Orc (4/4) D:10
    Elf (3/3) Orc:4          Lair (8/8) D:8           Swamp (5/5) Lair:3
  Snake (5/5) Lair:3        Slime (6/6) Lair:8       Vaults (5/5) D:14
  Blade (1/1) Vaults:3      Crypt (0/5) Vaults:2       Hell (1/1)
    Dis (7/7) Hell            Geh (0/7) Hell            Coc (0/7) Hell
    Tar (7/7) Hell            Zot (5/5) Depths:5     Depths (5/5) D:15

Altars:
Ashenzari
Cheibriados
Dithmenos
Elyvilon
Fedhas
Kikubaaqudgha
Makhleb
Nemelex Xobeh
Okawaru
Sif Muna
Trog
Vehumet
Xom
Yredelemnul
Zin
The Shining One
Jiyva

Shops:
Orc:4 [**=   Vaults:1 }   Vaults:4 =   Depths:4 }   Depths:5 %*

Portals:
Hell: Depths:1 Depths:2 Depths:3 Depths:4 Depths:5
Abyss: Depths:1 Depths:4
Pandemonium: Depths:3
Ziggurat: Depths:2

Annotations:
Orc:3 exclusion: oklob plant
Tar:7 Ereshkigal


Innate Abilities, Weirdness & Mutations

You have hooves in place of feet.
You are completely covered in rugged brown scales (AC +3, +7% HP).
You are very good at protecting items from fire.
Your flesh is heat resistant.
You can hurl blasts of hellfire.
You are completely covered in sharp spines.
When hurt, damage is shared between your health and your magic reserves.
You regenerate magic rapidly.
When low on magic, you restore magic in place of health.
Your spells are a little harder to cast, but a little more powerful.


Message History

* * * LOW HITPOINT WARNING * * *
You block the quicksilver dragon skeleton's attack.
The quicksilver dragon skeleton misses you.
The blizzard demon waves its arms in wide circles.
The air twists around and violently strikes you in flight!
* * * LOW HITPOINT WARNING * * *
You block Ereshkigal's attack.
Your necrophage skeleton closely misses the blizzard demon.
The quicksilver dragon skeleton completely misses you. x2
Evoke which item? (* to show all) (? for menu, Esc to quit)
Zapping:
o - a wand of heal wounds (7)
Press: ? - help, Shift-Dir - straight line, f - you You feel much better.
This wand has 6 charges left.
Ereshkigal becomes audible again.
The blizzard demon waves its arms in wide circles.
The air twists around and violently strikes you in flight!
* * * LOW HITPOINT WARNING * * *
You block the quicksilver dragon skeleton's attack. x2
Ereshkigal hits you with a glowing scythe!
You die...

####### ########## #######
#.....####........####.....#
#...###....######..).###...#
#..##...####.@&2####...##..# #
#.##..###...Z##.z..###..##'##.
#.#..##...########...##....# .
#'#.##..###......###..##..##
#)..#..##...####...##..#..#
##.##.##..###..###..##.##.#
##.#..#..##......##..#..#.#
#..#.##.##..####..##.##.#.#
#.##.#..#..##..##..#..#.#.##


You could see Ereshkigal, a blizzard demon, a quicksilver dragon skeleton and a
friendly necrophage skeleton.

Vanquished Creatures
  the royal jelly (Slime:6)
  Dispater (Dis:7)
  6 orbs of fire (Zot:5)
  4 ancient liches
  Saint Roka (Snake:3)
  Sojobo (Depths:4)
  Norris (Elf:2)
  Mara (Swamp:4)
  3 Killer Klowns
  Geryon (Hell)
  13 golden dragons
  2 profane servitors (Abyss:1)
  27 bone dragons
  Frederick (Vaults:4)
  the Enchantress (Depths:4)
  3 electric golems (Zot:5)
  Nikola (Elf:3)
  A Brimstone Fiend (Tar:7)
  14 Hell Sentinels
  The ghost of TheNoid the Severer, a mighty HuAK of Lugonu (Elf:3)
  An Ice Fiend (Dis:7)
  6 hellephants
  11 tentacled monstrosities
  Vashnia (Snake:3)
  4 quicksilver dragons
  24 Orb Guardians (Zot:5)
  A deep elf blademaster (Elf:3)
  16 Shadow Fiends
  4 titans
  3 sphinxes (Vaults:5)
  2 deep elf master archers (Elf:3)
  7 liches
  8 storm dragons
  30 tentacled starspawn
  2 Executioners
  21 acid blobs
  Frances (Swamp:1)
  3 eldritch tentacles
  3 shadow dragons
  6 tengu reavers
  6 draconian monks
  4 revenants (Abyss:1)
  Roxanne (Elf:2)
  An azure jelly (shapeshifter) (Depths:1)
  6 greater nagas
  5 frost giants
  6 fire giants
  The ghost of odiv the Impaler, a mighty MfWn of Fedhas (Swamp:5)
  Donald (Snake:1)
  6 draconian scorchers
  5 deep elf sorcerers (Elf:3)
  13 vault wardens
  8 azure jellies
  19 iron dragons
  Aizul (Swamp:2)
  A ghost moth (Zot:1)
  Louise (Swamp:1)
  An angel (Abyss:1)
  8 cacodemons
  An emperor scorpion (Depths:1)
  3 draconian zealots
  Gastronok (D:13)
  An octopode crusher (Depths:2)
  3 balrugs
  3 draconian knights
  23 war gargoyles
  72 reapers
  Jorgrun (Snake:4)
  An orc warlord (Orc:3)
  19 stone giants
  5 draconian annihilators
  3 spriggan defenders (Depths:4)
  A draconian caller (Zot:2)
  3 draconian shifters
  7 deep elf demonologists
  8 grey draconians
  3 green draconians
  14 deep elf annihilators
  2 vampire knights
  5 pale draconians
  2 curse skulls
  6 black draconians
  4 red draconians
  5 purple draconians
  7 dire elephants
  7 mottled draconians
  4 white draconians
  4 lorocyprocas
  5 yellow draconians
  A green death (Abyss:1)
  Snorg (Orc:3)
  32 vault guards
  2 blizzard demons
  9 deep elf death magi
  7 minotaurs
  9 ettins
  4 great orbs of eyes
  6 quicksilver dragon zombies
  17 ogre magi
  10 death oozes
  8 deep elf high priests (Elf:3)
  A spectral kraken (Tar:7)
  2 jiangshi (Depths:1)
  19 yaktaur captains
  13 fire dragons
  Fannar (Elf:2)
  20 ice dragons
  4 quicksilver dragon skeletons
  Harold (Orc:2)
  4 death cobs
  15 naga warriors
  11 anacondas
  10 ironheart preservers
  2 ravenous feature mimics
  The ghost of Fizybubbleh the Frost Mage, a powerful MfIE of Kikubaaqudgha (D:11)
  3 spriggan air magi (Depths:4)
  22 dancing weapons
  9 deep troll earth magi
  16 rakshasas
  Erica (Lair:7)
  An anaconda (shapeshifter) (Vaults:5)
  5 shambling mangroves
  2 tengu warriors
  4 deep troll shamans
  7 alligators
  35 death yaks
  2 vampire magi
  A deep dwarf death knight (Vaults:2)
  2 shock serpents (shapeshifter)
  2 spriggan berserkers (Depths:4)
  3 titan zombies
  24 naga sharpshooters
  A spectral storm dragon (Hell)
  33 thrashing horrors
  11 shock serpents
  7 hell hogs
  18 hell knights
  5 catoblepae
  6 centaur warriors
  3 storm dragon zombies
  4 titan skeletons
  9 iron golems
  14 hydras
  36 soul eaters
  14 wretched stars
  8 spatial maelstroms
  14 deep elf knights
  22 very ugly things
  2 fire crabs
  4 salamander mystics (Snake:5)
  96 skeletal warriors
  7 shadow wraiths
  18 iron trolls
  6 sun demons
  4 swamp dragons
  A ball lightning (Depths:2)
  A sea snake (Snake:2)
  4 golden dragon zombies
  A kraken simulacrum (Hell)
  3 anaconda zombies
  A storm dragon skeleton (Vaults:5)
  4 spriggan druids
  29 deep trolls
  21 shadow demons
  9 flayed ghosts
  A harpy (shapeshifter) (Vaults:4)
  2 death drakes (Tar:7)
  5 giant orange brains
  79 large abominations
  An ice statue (Hell)
  7 ice devils
  87 starcursed masses
  A shadow dragon zombie (Tar:3)
  9 naga ritualists
  11 deep elf summoners
  13 unseen horrors
  2 anaconda skeletons
  21 ironbrand convokers
  8 harpies (Vaults:2)
  11 orc knights
  2 unseen horrors (shapeshifter)
  Joseph (Orc:1)
  10 hill giants
  A golden dragon skeleton (Depths:1)
  5 iron dragon zombies
  4 wolf spider zombies
  21 deep elf conjurers
  A hill giant (shapeshifter) (Depths:2)
  13 necromancers
  A griffon (shapeshifter) (Vaults:5)
  5 wizards
  16 mana vipers
  4 fire giant zombies
  7 stone giant zombies
  3 shadow dragon skeletons
  6 lindwurms
  6 flaming corpses
  13 hellions
  A hell beast (Hell)
  15 salamanders
  5 wolf spiders
  3 frost giant zombies
  A shining eye (shapeshifter) (Vaults:5)
  10 moths of wrath
  A sphinx skeleton (Vaults:5)
  2 red wasps
  10 worldbinders
  3 cyclopes
  9 guardian serpents
  An elephant (shapeshifter) (Depths:3)
  A draconian (shapeshifter) (Depths:3)
  3 manticores
  2 iron dragon skeletons
  5 orc sorcerers
  4 shining eyes
  7 griffons
  3 dire elephant zombies
  9 phantasmal warriors
  22 elephants
  8 sixfirhies
  3 stone giant skeletons
  4 fire giant skeletons
  2 spriggan zombies
  2 shock serpent zombies
  10 vault sentinels
  2 frost giant skeletons (Depths:1)
  A black mamba (shapeshifter) (Elf:3)
  36 black mambas
  An octopode (shapeshifter) (Vaults:4)
  2 molten gargoyles (Zot:3)
  4 gargoyles
  3 apocalypse crabs (Abyss:1)
  3 eyes of devastation
  11 orange demons
  12 spiny frogs
  16 smoke demons
  A red draconian zombie (Zot:1)
  20 tormentors
  3 vapours
  A dire elephant skeleton (Depths:1)
  A feature mimic (D:11)
  Psyche (D:10)
  2 death yak zombies (Hell)
  A yaktaur zombie (Vaults:1)
  24 naga magi
  2 kobold demonologists
  4 demonic crawlers
  62 yaktaurs
  11 trolls
  2 efreet (Abyss:1)
  An emperor scorpion zombie (Abyss:1)
  7 deep elf priests
  A boggart (shapeshifter) (D:14)
  An elf (shapeshifter) (Vaults:5)
  A spectral human (Hell)
  2 komodo dragons (shapeshifter)
  3 yaktaur skeletons (Depths:1)
  6 hellwings
  6 hydra zombies
  A spectral harpy (Hell)
  5 spriggan skeletons (Depths:1)
  25 ancient zymes
  2 jumping spiders
  A fire drake (shapeshifter) (Vaults:2)
  6 red devils
  A polar bear (Depths:4)
  2 golden dragon simulacra
  4 tengu conjurers
  A giant firefly (shapeshifter) (Elf:3)
  4 fire drakes
  A queen bee (shapeshifter) (Vaults:2)
  40 iron devils
  12 komodo dragons
  5 boggarts (Depths:1)
  20 freezing wraiths
  44 raiju
  38 two-headed ogres
  3 silent spectres
  A fire vortex (Zot:3)
  11 giant fireflies
  10 giant leeches
  5 bog bodies
  31 deep elf magi
  2 hydra skeletons
  50 slime creatures
  14 ravens
  15 blue devils
  6 ettin zombies
  2 air elementals (Depths:4)
  A catoblepas skeleton (Tar:7)
  An iron dragon simulacrum (Abyss:1)
  5 boulder beetles
  3 ice dragon zombies
  A slime creature (shapeshifter) (Depths:4)
  An alligator zombie (Dis:2)
  3 basilisks
  A minotaur skeleton (Depths:1)
  A grizzly bear (shapeshifter) (Vaults:4)
  34 blink frogs
  A raven (shapeshifter) (Depths:2)
  12 brown oozes
  4 ice dragon skeletons
  3 fire dragon zombies
  5 thorn lotuses
  A stone giant simulacrum (Depths:2)
  2 wyverns
  3 baby alligators (Swamp:1)
  2 black mamba zombies
  3 water elementals
  4 fire dragon skeletons
  A redback (shapeshifter) (Vaults:1)
  2 tarantellas
  2 alligator skeletons
  5 ettin skeletons
  57 flying skulls
  20 wraiths
  2 hippogriffs (shapeshifter)
  12 spriggans
  30 deep elf fighters
  A yak (shapeshifter) (Depths:4)
  7 redbacks
  10 vampires
  18 shadows
  11 chaos spawn
  32 ugly things
  22 neqoxecs
  4 swamp worm simulacra (Swamp:5)
  53 yaks
  9 fire bats
  5 golden eyes
  A steam dragon (shapeshifter) (Depths:4)
  3 wolves (Lair:3)
  26 ynoxinuls
  35 water moccasins
  6 elf skeletons
  11 hippogriffs
  10 hungry ghosts
  57 nagas
  A spectral spiny frog (Hell)
  49 vampire mosquitoes
  13 hydra simulacra
  2 human zombies
  22 spatial vortices
  A soldier ant (D:13)
  Menkaure (D:7)
  5 wargs
  2 ogre zombies
  2 fire elementals
  21 necrophages
  26 swamp worms
  5 mottled dragons
  7 sharks
  A merfolk zombie (Dis:3)
  2 spiny frog zombies
  9 phantoms
  3 tengu skeletons
  4 sky beasts
  A deep troll skeleton (Vaults:5)
  2 human simulacra (Vaults:1)
  A spider (Abyss:1)
  3 yellow wasps
  5 spectral sharks (Tar:7)
  An ogre skeleton (D:15)
  57 hell hounds
  5 ice beasts
  A black bear (shapeshifter) (Vaults:1)
  A swamp dragon zombie (Dis:4)
  2 ettin simulacra
  2 snapping turtle zombies
  4 spiny frog skeletons
  79 ogres
  11 centaurs
  39 orc warriors
  73 small abominations
  11 swamp drakes
  An ice beast (shapeshifter) (Vaults:2)
  5 manticore zombies
  4 porcupines
  8 giant goldfish
  A snapping turtle skeleton (Tar:2)
  6 lava worms
  2 lost souls (Hell)
  19 crocodiles
  3 big kobolds
  An elf zombie (Dis:2)
  The ghost of Charobnjak32 the Magician, an average DEWz of Vehumet (D:4)
  4 brain worms
  7 giant slugs
  2 earth elementals (Abyss:1)
  A gnoll sergeant (D:9)
  11 insubstantial wisps
  29 giant frogs
  A spiny frog simulacrum (Hell)
  A hell hound zombie (Tar:5)
  4 scorpions
  A hippogriff zombie (D:12)
  An eye of draining (shapeshifter) (Depths:4)
  7 eyes of draining
  A tengu zombie (D:12)
  A cyclops skeleton (D:15)
  2 troll skeletons
  9 killer bees
  39 wights
  A snapping turtle simulacrum (Abyss:4)
  4 pulsating lumps
  4 big fish
  5 goliath beetles
  12 quasits
  10 crimson imps
  5 electric eels
  A giant frog zombie (D:8)
  5 lava snakes
  23 orc priests
  2 giant frog skeletons
  A gnoll shaman (D:4)
  9 hounds
  53 iron imps
  11 orange rats
  A centaur skeleton (Tar:7)
  2 human skeletons (Tar:3)
  6 iguanas
  15 jellies
  A two-headed ogre skeleton (D:8)
  32 sheep
  6 spectral big fish (Tar:7)
  11 worker ants
  39 orc wizards
  A big kobold zombie (D:8)
  A naga zombie (Dis:2)
  A naga skeleton (Tar:7)
  9 mummies
  10 gnolls
  32 adders
  51 green rats
  A scorpion zombie (D:5)
  15 shadow imps
  9 white imps
  A giant mite (D:2)
  3 worms
  30 ufetubi
  4 swamp drake simulacra (Swamp:5)
  2 orc skeletons (D:4)
  16 giant eyeballs
  9 giant geckos
  9 oozes
  204 orcs
  A bat zombie (D:8)
  5 giant cockroaches
  18 goblins
  20 hobgoblins
  23 jackals
  A ball python (Snake:2)
  32 bats
  3 giant newts
  3 giant spores
  A gnoll skeleton (D:5)
  A goblin zombie (D:5)
  55 kobolds
  3 lurking horrors
  4 orc zombies
  14 quokkas
  A quokka skeleton (D:4)
  A quokka zombie (D:8)
  36 rats
  13 ballistomycetes
  A bush (D:1)
  3 crawling corpses
  8 fungi
  2 plants
  28 starspawn tentacles
4592 creatures vanquished.

Vanquished Creatures (collateral kills)
  A golden dragon (Zot:3)
  A bone dragon (Zot:3)
  An Orb Guardian (Zot:5)
  A Shadow Fiend (Tar:7)
  A titan (Vaults:5)
  An eldritch tentacle (Dis:1)
  A tengu reaver (Vaults:5)
  A fire giant (Depths:4)
  Wiglaf (Vaults:5)
  A vault warden (Vaults:5)
  A greater naga (Snake:5)
  3 death yaks
  A rakshasa (Depths:2)
  A draconian annihilator (Zot:2)
  4 stone giants
  A draconian shifter (Zot:2)
  A deep elf annihilator (Vaults:5)
  A purple draconian (Zot:2)
  2 ettins
  An ice dragon (Zot:4)
  An ironheart preserver (Vaults:5)
  An anaconda (Snake:5)
  A dancing weapon (Vaults:3)
  A sun demon (Depths:3)
  A shock serpent (Snake:5)
  A salamander mystic (Snake:5)
  A skeletal warrior (Dis:1)
  2 deep trolls (Depths:2)
  A hell knight (Depths:5)
  An orc knight (Vaults:4)
  An ironbrand convoker (Vaults:3)
  A flayed ghost (Depths:3)
  An iron dragon zombie (Depths:3)
  An anaconda skeleton (Hell)
  2 frost giant zombies (Depths:3)
  A small abomination (Depths:3)
  A necromancer (Depths:5)
  A mana viper (Snake:5)
  A cyclops (Vaults:2)
  A moth of wrath (Zot:5)
  A worldbinder (Abyss:1)
  A salamander (D:15)
  An elephant (shapeshifter) (Depths:5)
  A shock serpent zombie (Dis:7)
  2 tormentors (Dis:7)
  3 yaktaurs
  A red devil (Dis:7)
  2 iron devils (Dis:7)
  A tengu conjurer (Depths:4)
  A deep elf priest (Vaults:4)
  A yaktaur skeleton (Depths:1)
  A hydra zombie (Hell)
  A giant firefly (shapeshifter) (Vaults:5)
  4 ravens
  A vampire (Depths:3)
  An ugly thing (Depths:1)
  2 fire elementals (Zot:3)
  A deep elf fighter (Vaults:2)
  2 necrophages
  2 orc warriors
  A swamp dragon zombie (Dis:3)
  2 ogres
  2 lava worms
  6 iron imps
  A shadow imp (Tar:7)
  2 orcs (Vaults:4)
  2 crawling corpses (Elf:3)
94 creatures vanquished.

Vanquished Creatures (others)
  A deep elf high priest (Elf:3)
  An ogre mage (Orc:4)
  A titan zombie (Depths:4)
  A tengu skeleton (Depths:4)
  An unseen horror (Vaults:1)
  2 golden dragon zombies (Zot:3)
  An anaconda skeleton (Snake:5)
  A tengu zombie (Vaults:5)
  A very ugly thing zombie (Depths:3)
  5 draconian zombies
  2 iron dragon zombies (Dis:7)
  14 human zombies
  A dwarf skeleton (Vaults:5)
  2 frost giant skeletons
  An iron dragon skeleton (Dis:7)
  9 human skeletons
  A draconian skeleton (Depths:1)
  A naga mage (D:15)
  A dire elephant zombie (Depths:3)
  A fire giant skeleton (Depths:1)
  An orange demon (Elf:3)
  A mottled draconian zombie (Zot:5)
  2 shock serpent skeletons (Snake:5)
  A red draconian zombie (Zot:3)
  2 yellow draconian zombies
  A green draconian zombie (Zot:5)
  A grey draconian zombie (Zot:5)
  2 death yak zombies (Depths:2)
  A giant firefly (Swamp:5)
  A black draconian skeleton (Zot:5)
  2 minotaur zombies (Depths:2)
  A minotaur skeleton (Depths:4)
  2 moth of wrath zombies
  A fire vortex (Lair:6)
  A fire dragon zombie (Depths:2)
  An ice dragon zombie (Zot:2)
  2 deep elf magi (Elf:3)
  An ugly thing zombie (Depths:3)
  2 air elementals
  4 fire dragon skeletons
  6 ice dragon skeletons
  A spriggan (Swamp:5)
  An ettin skeleton (Depths:2)
  A ynoxinul (Zot:2)
  22 elf zombies
  A naga (Snake:2)
  3 raven zombies (Depths:4)
  3 deep troll zombies
  A deep troll skeleton (Depths:3)
  A necrophage (Tar:3)
  2 small abominations
  14 naga skeletons (Snake:5)
  An ogre (Orc:4)
  2 lindwurm skeletons (Snake:5)
  5 elf skeletons
  3 lost souls (Hell)
  8 yaktaur zombies
  2 yaktaur skeletons
  2 salamander skeletons
  9 hell hound zombies
  5 raiju zombies
  2 two-headed ogre skeletons (D:15)
  3 two-headed ogre zombies
  8 ogre zombies
  6 ogre skeletons
  3 necrophage skeletons
  4 orange rat zombies (Hell)
  An adder (Lair:6)
  2 orc zombies
  2 giant spores
  3 lurking horrors
  41 eldritch tentacle segments
  3 fungi
  7 plants
  36 starspawn tentacles
  191 starspawn tentacle segments
  9 tentacles
  68 tentacle segments
560 creatures vanquished.

Grand Total: 5246 creatures vanquished

Notes
Turn   | Place    | Note
--------------------------------------------------------------
     0 | D:1      | tizzy, the Demonspawn Fighter, began the quest for the Orb.
     0 | D:1      | Reached XP level 1. HP: 18/18 MP: 1/1
   164 | D:1      | Gained mutation: You are partially covered in rugged brown scales (AC +1, +3% HP). [demonic ancestry]
   164 | D:1      | Reached XP level 2. HP: 12/24 MP: 2/2
  1203 | D:2      | Reached skill level 1 in Dodging
  1203 | D:2      | Reached XP level 3. HP: 21/29 MP: 3/3
  2232 | D:3      | Reached XP level 4. HP: 33/36 MP: 4/4
  2458 | D:3      | Reached skill level 4 in Axes
  2469 | D:3      | Gained mutation: When hurt, damage is shared between your health and your magic reserves. [demonic ancestry]
  2469 | D:3      | Reached XP level 5. HP: 40/42 MP: 5/5
  3261 | D:4      | Noticed a centaur
  3273 | D:4      | HP: 2/42 [centaur (5)]
  3285 | D:4      | Killed a centaur
  3285 | D:4      | Reached skill level 5 in Axes
  3364 | D:4      | Noticed Charobnjak32's ghost (average DEWz)
  3401 | D:4      | Killed Charobnjak32's ghost
  3401 | D:4      | Gained mutation: You are mostly covered in rugged brown scales (AC +2, +5% HP). [demonic ancestry]
  3401 | D:4      | Reached XP level 6. HP: 19/49 MP: 4/6
  3503 | D:4      | Reached skill level 6 in Axes
  3593 | D:4      | Noticed a phantom
  3651 | D:3      | Killed a phantom
  3858 | D:3      | Reached skill level 12 in Axes
  3858 | D:3      | Reached XP level 7. HP: 22/54 MP: 1/7
  4640 | D:4      | Gained mutation: You are partially covered in sharp spines. [demonic ancestry]
  4640 | D:4      | Reached XP level 8. HP: 60/60 MP: 6/8
  4846 | D:5      | Entered Level 5 of the Dungeon
  5237 | D:5      | Reached skill level 13 in Axes
  6106 | D:6      | Paralysed by a giant eyeball for 4 turns
  6444 | D:6      | Reached XP level 9. HP: 62/66 MP: 7/9
  6492 | D:6      | Found a white marble altar of Elyvilon.
  6614 | D:6      | Gained mutation: Your mind is acute. (Int +2) [potion of beneficial mutation]
  6752 | D:6      | Found a glowing silver altar of Zin.
  7461 | D:7      | Found a staircase to the Ecumenical Temple.
  7464 | D:7      | Paralysed by a giant eyeball for 4 turns
  7540 | Temple   | Entered the Ecumenical Temple
  7585 | Temple   | Became a worshipper of Warmaster Okawaru
  7711 | D:7      | Noticed Menkaure
  7713 | D:7      | Paralysed by a potion of paralysis for 4 turns
  7725 | D:7      | Killed Menkaure
  7750 | D:7      | Reached skill level 14 in Axes
  7776 | D:7      | Found a shattered altar of Ashenzari.
  7781 | D:7      | Saw a vision of the Swamp and the Snake Pit.
  7781 | D:7      | Noticed an alligator
  7781 | D:7      | Noticed an alligator
  7781 | D:7      | Noticed a black mamba
  7781 | D:7      | Noticed a naga ritualist
  7781 | D:7      | Noticed a salamander
  7781 | D:7      | Noticed a black mamba
  7781 | D:7      | Noticed a black mamba
  7782 | D:7      | Noticed a naga sharpshooter
  8153 | D:8      | Acquired Okawaru's first power
  8423 | D:8      | Found an ancient bone altar of Kikubaaqudgha.
  8423 | D:8      | Found a shadowy altar of Dithmenos.
  8572 | D:8      | Paralysed by a giant eyeball for 3 turns
  8580 | D:8      | Gained mutation: You have large cloven feet. [demonic ancestry]
  8580 | D:8      | Reached XP level 10. HP: 73/73 MP: 10/10
  8582 | D:8      | Paralysed by a giant eyeball for 4 turns
  8600 | D:8      | Found a staircase to the Lair.
  8703 | D:8      | Reached skill level 1 in Invocations
  8742 | D:8      | Identified a scroll of acquirement
  9223 | D:8      | Paralysed by a giant eyeball for 3 turns
  9230 | D:8      | Paralysed by a giant eyeball for 2 turns
 10665 | Lair:1   | Entered Level 1 of the Lair of Beasts
 11516 | Lair:1   | Gained mutation: You have hoof-like feet. [demonic ancestry]
 11516 | Lair:1   | Reached XP level 11. HP: 74/81 MP: 19/19
 11554 | Lair:1   | Reached skill level 5 in Invocations
 11560 | Lair:1   | Reached skill level 5 in Fighting
 12800 | Lair:2   | Reached skill level 5 in Shields
 13674 | D:10     | Entered Level 10 of the Dungeon
 13750 | D:10     | Noticed a hill giant
 13778 | D:10     | Killed a hill giant
 13810 | D:10     | Noticed Psyche
 13826 | D:10     | Killed Psyche
 13826 | D:10     | Reached skill level 15 in Axes
 14172 | D:10     | Acquired Okawaru's second power
 14389 | D:10     | Found a staircase to the Orcish Mines.
 14712 | D:10     | Paralysed by a giant eyeball for 3 turns
 14739 | D:10     | Paralysed by a giant eyeball for 2 turns
 14744 | D:10     | Paralysed by a giant eyeball for 3 turns
 15147 | Orc:1    | Entered Level 1 of the Orcish Mines
 15353 | Orc:1    | Gained mutation: You are mostly covered in sharp spines. [demonic ancestry]
 15353 | Orc:1    | Reached XP level 12. HP: 90/95 MP: 23/23
 15439 | Orc:1    | You fall through a shaft!
 15659 | Orc:2    | Noticed Harold
 15673 | Orc:2    | Killed Harold
 15869 | Orc:1    | Noticed Joseph
 15898 | Orc:1    | Killed Joseph
 17399 | Orc:3    | Noticed Snorg
 17421 | Orc:3    | Killed Snorg
 18168 | Orc:4    | Entered Level 4 of the Orcish Mines
 18171 | Orc:4    | Noticed an orc warlord
 18477 | Orc:3    | Killed an orc warlord
 18624 | Orc:4    | Found a staircase to the Elven Halls.
 18730 | Orc:3    | Received a gift from Okawaru
 19332 | Orc:4    | Noticed an ogre mage
 19360 | Orc:4    | Killed an ogre mage
 19376 | Orc:4    | Noticed an ogre mage
 19517 | Orc:4    | Paralysed by an ogre mage for 7 turns
 19528 | Orc:4    | Paralysed by an ogre mage for 4 turns
 19538 | Orc:4    | Killed an ogre mage
 19799 | Orc:4    | Found Suampeoc's Jewellery Emporium.
 19799 | Orc:4    | Found Esmauj's General Store.
 19813 | Orc:4    | Noticed an ogre mage
 19829 | Orc:4    | Reached XP level 13. HP: 58/106 MP: 12/26
 19836 | Orc:4    | HP: 3/106 [ogre/giant club (12)]
 20422 | Orc:4    | Found Shresat's General Store.
 20423 | Orc:4    | Found Ohuaja's Armour Shoppe.
 20432 | Orc:4    | Bought a potion of mutation for 40 gold pieces
 20432 | Orc:4    | Bought a potion of invisibility for 88 gold pieces
 20432 | Orc:4    | Bought a potion of heal wounds for 48 gold pieces
 20434 | Orc:4    | Bought a +1 pair of boots of running for 474 gold pieces
 20436 | Orc:4    | Bought a scroll of identify for 32 gold pieces
 20436 | Orc:4    | Bought a scroll of blinking for 120 gold pieces
 20442 | Orc:4    | Bought a +1 cloak for 152 gold pieces
 20464 | Orc:4    | Bought a scroll of identify for 32 gold pieces
 21023 | Lair:3   | Found a staircase to the Swamp.
 21281 | D:10     | Received a gift from Okawaru
 21325 | D:10     | Reached skill level 16 in Axes
 21476 | D:11     | Paralysed by a giant eyeball for 4 turns
 21490 | D:11     | Got a transparent war axe
 21497 | D:11     | Identified the +5,+9 war axe "Ojaty" {venom, -Tele Dex+3} (You found it on level 11 of the Dungeon)
 21591 | D:11     | Noticed Fizybubbleh's ghost (powerful MfIE)
 21606 | D:11     | Killed Fizybubbleh's ghost
 21736 | D:11     | Paralysed by a giant eyeball for 2 turns
 21743 | D:11     | Paralysed by a giant eyeball for 3 turns
 21979 | D:11     | Reached skill level 10 in Fighting
 22431 | D:12     | Received a gift from Okawaru
 22770 | D:12     | HP: 3/109 [19-headed hydra (7)]
 24488 | Lair:5   | Reached XP level 14. HP: 95/116 MP: 21/27
 24723 | Lair:5   | Reached skill level 10 in Shields
 25102 | Lair:3   | Found a staircase to the Snake Pit.
 25463 | Lair:3   | Received a gift from Okawaru
 25464 | Lair:3   | Got a twisted shield {god gift}
 25677 | Lair:2   | Identified the -5 shield of the Comet {rElec} (Okawaru gifted it to you on level 3 of the Lair of Beasts)
 26852 | Lair:6   | Reached skill level 17 in Axes
 27999 | Lair:7   | Noticed Erica
 28008 | Lair:7   | Killed Erica
 28915 | Lair:8   | Entered Level 8 of the Lair of Beasts
 28932 | Lair:7   | Received a gift from Okawaru
 29397 | Lair:8   | Received a gift from Okawaru
 29397 | Lair:8   | Gained mutation: You regenerate magic rapidly. [demonic ancestry]
 29397 | Lair:8   | Reached XP level 15. HP: 94/128 MP: 20/28
 29398 | Lair:8   | Got a pair of ancient gloves {god gift}
 29404 | Lair:8   | Identified the +2 pair of gloves of Strais {rN+} (Okawaru gifted it to you on level 8 of the Lair of Beasts)
 30165 | Lair:8   | Found a staircase to the Slime Pits.
 30834 | Snake:1  | Entered Level 1 of the Snake Pit
 30875 | Swamp:1  | Entered Level 1 of the Swamp
 30914 | Swamp:1  | Noticed Louise
 31070 | Swamp:1  | Cast into the Abyss (Louise)
 31136 | Abyss:1  | Noticed a tentacled starspawn
 31144 | Abyss:1  | Killed a tentacled starspawn
 31709 | Abyss:1  | Noticed a bone dragon
 31732 | Abyss:1  | Killed a bone dragon
 31968 | Abyss:1  | Received a gift from Okawaru
 32030 | Abyss:1  | Found a basalt altar of Yredelemnul.
 32067 | Abyss:1  | Reached skill level 18 in Axes
 32122 | Abyss:1  | Noticed a bone dragon
 32148 | Abyss:1  | Killed a bone dragon
 32366 | Abyss:1  | Gained mutation: When low on magic, you restore magic in place of health. [demonic ancestry]
 32366 | Abyss:1  | Reached XP level 16. HP: 89/138 MP: 19/28
 32499 | Abyss:1  | Noticed a tentacled starspawn
 32502 | Abyss:1  | Received a gift from Okawaru
 32506 | Abyss:1  | Got a shimmering plate armour {god gift}
 32515 | Abyss:1  | Killed a tentacled starspawn
 32527 | Abyss:1  | Reached skill level 10 in Invocations
 32556 | Abyss:1  | Noticed a bone dragon
 32575 | Abyss:1  | Killed a bone dragon
 32652 | Abyss:1  | Noticed a lich
 32662 | Abyss:1  | Killed a lich
 32712 | Abyss:1  | Noticed a tentacled starspawn
 32723 | Abyss:1  | Killed a tentacled starspawn
 32758 | Abyss:1  | Noticed a tentacled starspawn
 32767 | Abyss:1  | Killed a tentacled starspawn
 32855 | Abyss:1  | Noticed a tentacled starspawn
 32863 | Abyss:1  | Killed a tentacled starspawn
 33130 | Abyss:1  | Noticed a tentacled starspawn
 33142 | Abyss:1  | Killed a tentacled starspawn
 33169 | Abyss:1  | Identified the -3 plate armour "Smos" {rElec MR+ SInv} (Okawaru gifted it to you on level 1 of the Abyss)
 33213 | Abyss:1  | Noticed a bone dragon
 33239 | Abyss:1  | Killed a bone dragon
 33241 | Abyss:1  | Noticed a tentacled starspawn
 33251 | Abyss:1  | Killed a tentacled starspawn
 33296 | Abyss:1  | Noticed a tentacled starspawn
 33306 | Abyss:1  | Killed a tentacled starspawn
 33331 | Abyss:1  | Noticed a tentacled starspawn
 33377 | Abyss:1  | Found a corrupted altar of Lugonu.
 33561 | Abyss:1  | Noticed a tentacled starspawn
 33567 | Abyss:1  | Killed a tentacled starspawn
 33662 | Abyss:1  | Reached skill level 15 in Invocations
 33817 | Abyss:1  | Noticed a tentacled starspawn
 33824 | Abyss:1  | Killed a tentacled starspawn
 33880 | Abyss:1  | Noticed a profane servitor
 33896 | Abyss:1  | Killed a profane servitor
 33896 | Abyss:1  | Gained mutation: You have hooves in place of feet. [demonic ancestry]
 33896 | Abyss:1  | Reached XP level 17. HP: 94/147 MP: 24/34
 34091 | Abyss:1  | Noticed a bone dragon
 34104 | Abyss:1  | Killed a bone dragon
 34167 | Abyss:1  | Reached skill level 15 in Fighting
 34487 | Abyss:1  | Found a corrupted altar of Lugonu.
 34730 | Abyss:1  | Noticed a bone dragon
 34745 | Abyss:1  | Killed a bone dragon
 34831 | Abyss:1  | Found a corrupted altar of Lugonu.
 35047 | Abyss:1  | Noticed a bone dragon
 35062 | Abyss:1  | Killed a bone dragon
 35227 | Abyss:1  | Found a blossoming altar of Fedhas.
 35237 | Abyss:1  | Reached skill level 19 in Axes
 35379 | Abyss:1  | Gained mutation: You are very good at protecting items from fire. [demonic ancestry]
 35379 | Abyss:1  | Reached XP level 18. HP: 129/156 MP: 31/36
 35506 | Abyss:1  | Paralysed by accursed screaming for 1 turns
 35788 | Abyss:1  | Found a corrupted altar of Lugonu.
 35988 | Abyss:1  | Received a gift from Okawaru
 36096 | Abyss:1  | Noticed a lich
 36096 | Abyss:1  | Paralysed by a lich for 3 turns
 36112 | Abyss:1  | Killed a lich
 36115 | Abyss:1  | Found a corrupted altar of Lugonu.
 36761 | Abyss:1  | Paralysed by you for 2 turns
 37003 | Abyss:1  | Noticed a bone dragon
 37011 | Abyss:1  | Noticed a bone dragon
 37020 | Abyss:1  | Killed a bone dragon
 37020 | Abyss:1  | Received a gift from Okawaru
 37021 | Abyss:1  | Got an ichor-stained hand axe {god gift}
 37034 | Abyss:1  | Killed a bone dragon
 37101 | Abyss:1  | Reached skill level 20 in Invocations
 37125 | Abyss:1  | Noticed a profane servitor
 37256 | Abyss:1  | Killed a profane servitor
 37329 | Abyss:1  | Identified the +7,+6 hand axe "Hydra's Doom" {freeze, *Rage Int+2} (Okawaru gifted it to you on level 1 of the Abyss)
 37582 | Abyss:1  | Found a corrupted altar of Lugonu.
 37749 | Abyss:1  | Reached XP level 19. HP: 152/163 MP: 36/38
 38040 | Abyss:1  | Gained mutation: You occasionally shout uncontrollably. [a neqoxec]
 38129 | Abyss:1  | Reached skill level 15 in Shields
 38213 | Abyss:1  | Noticed a bone dragon
 38235 | Abyss:1  | Killed a bone dragon
 38317 | Abyss:1  | Noticed an ancient lich
 38333 | Abyss:1  | Killed an ancient lich
 38498 | Abyss:1  | Found a corrupted altar of Lugonu.
 38516 | Abyss:1  | Reached skill level 21 in Invocations
 38520 | Abyss:1  | Noticed a bone dragon
 38546 | Abyss:1  | Killed a bone dragon
 38620 | Abyss:1  | Noticed a bone dragon
 38630 | Abyss:1  | Killed a bone dragon
 38802 | Abyss:1  | Received a gift from Okawaru
 39228 | Abyss:1  | Found a corrupted altar of Lugonu.
 39297 | Swamp:1  | Escaped the Abyss
 39310 | Swamp:1  | Killed Louise
 39898 | D:13     | Found a snail-covered altar of Cheibriados.
 40148 | D:13     | Paralysed by a giant eyeball for 3 turns
 40431 | D:13     | Noticed Gastronok
 40441 | D:13     | Got a transparent buckler
 40460 | D:13     | Killed Gastronok
 40727 | D:13     | Identified the +0 buckler of Bryr Use {SInv Stlth} (You found it on level 13 of the Dungeon)
 41777 | D:14     | Found a gate to the Vaults.
 42132 | Swamp:1  | Noticed Frances
 42146 | Swamp:1  | Killed Frances
 43063 | Swamp:2  | Noticed Aizul
 43073 | Swamp:2  | Killed Aizul
 43518 | Swamp:3  | Reached XP level 20. HP: 138/175 MP: 29/39
 43564 | Swamp:3  | Reached skill level 1 in Spellcasting
 44579 | Swamp:4  | Noticed Mara
 44584 | Swamp:4  | Noticed tizzy's illusion
 44592 | Swamp:4  | Killed Mara
 44592 | Swamp:4  | Reached skill level 5 in Armour
 45063 | Lair:2   | Learned a level 1 spell: Animate Skeleton
 45066 | Lair:2   | Learned a level 2 spell: Repel Missiles
 45069 | Lair:2   | Learned a level 2 spell: Swiftness
 45073 | Lair:2   | Learned a level 3 spell: Flight
 45077 | Lair:2   | Learned a level 3 spell: Regeneration
 45753 | Swamp:5  | Entered Level 5 of the Swamp
 46149 | Swamp:5  | Noticed odiv's ghost (mighty MfWn)
 46179 | Swamp:5  | Killed odiv's ghost
 47131 | Lair:3   | HP: 7/175 [something (11)]
 47955 | Snake:1  | Noticed Donald
 47968 | Snake:1  | Killed Donald
 48932 | Snake:2  | Reached skill level 1 in Charms
 49458 | Snake:3  | Reached skill level 1 in Necromancy
 49459 | Snake:3  | Noticed Saint Roka
 49502 | Snake:3  | Killed Saint Roka
 49502 | Snake:3  | Reached skill level 1 in Air Magic
 49909 | Snake:3  | Noticed Vashnia
 49930 | Snake:3  | Killed Vashnia
 49930 | Snake:3  | Received a gift from Okawaru
 50461 | Snake:4  | Gained mutation: Your flesh is heat resistant. [demonic ancestry]
 50461 | Snake:4  | Reached XP level 21. HP: 148/181 MP: 34/39
 50931 | Snake:4  | Noticed Jorgrun
 50943 | Snake:4  | Killed Jorgrun
 51415 | Snake:5  | Entered Level 5 of the Snake Pit
 52505 | Swamp:5  | HP: 3/182 [azure jelly (23)]
 52914 | Swamp:5  | Got a decaying rune of Zot
 53317 | Snake:5  | Reached skill level 5 in Spellcasting
 53666 | Snake:5  | Received a gift from Okawaru
 53667 | Snake:5  | Got a polished hand axe {god gift}
 53668 | Snake:5  | Identified the +10,+5 hand axe of Klostrurph {flame, Str+2} (Okawaru gifted it to you on level 5 of the Snake Pit)
 54709 | Snake:5  | Got a serpentine rune of Zot
 54871 | Snake:5  | Found a shimmering altar of Xom.
 55342 | D:15     | Entered Level 15 of the Dungeon
 55691 | D:15     | Reached skill level 5 in Necromancy
 55979 | D:15     | Found a staircase to the Depths.
 56269 | Depths:1 | Entered Level 1 of the Depths
 56269 | Depths:1 | Found a gateway to Hell.
 56550 | Depths:1 | Paralysed by a giant eyeball for 3 turns
 56695 | Depths:1 | Reached skill level 5 in Air Magic
 56701 | Depths:1 | Reached XP level 22. HP: 133/191 MP: 38/40
 56976 | Depths:1 | Reached skill level 5 in Charms
 56987 | Depths:1 | Received a gift from Okawaru
 56988 | Depths:1 | Got a dazzling ring mail {god gift}
 57371 | Depths:1 | Learned a level 4 spell: Animate Dead
 57376 | Depths:1 | Learned a level 4 spell: Control Undead
 57532 | Depths:1 | Paralysed by a giant eyeball for 4 turns
 57633 | Depths:1 | Paralysed by a giant eyeball for 3 turns
 57642 | Depths:1 | Paralysed by a giant eyeball for 3 turns
 57653 | Depths:1 | Paralysed by a giant eyeball for 3 turns
 57830 | Depths:1 | Found a one-way gate to the infinite horrors of the Abyss.
 57873 | Depths:1 | Paralysed by a giant eyeball for 4 turns
 58069 | Depths:1 | Got a crude glass ring
 58070 | Depths:1 | Identified the ring of Kebew {rN+ Dex+2} (You acquired it on level 1 of the Depths)
 58615 | Depths:2 | Paralysed by a giant eyeball for 4 turns
 58622 | Depths:2 | Paralysed by a giant eyeball for 3 turns
 58764 | Depths:2 | Found a gateway to a ziggurat.
 59264 | Depths:2 | Received a gift from Okawaru
 59463 | Depths:3 | Found a one-way gate leading to the halls of Pandemonium.
 59785 | Lair:2   | Learned a level 3 spell: Vampiric Draining
 59785 | Lair:2   | Upgraded the game from 0.14.0-24-gfb45beb to 0.14.0-26-g1682e81
 60075 | Vaults:1 | Entered Level 1 of the Vaults
 60295 | Vaults:1 | Reached skill level 10 in Armour
 60650 | Vaults:1 | Found Klaeq's Gadget Emporium.
 60657 | Vaults:1 | Bought a wand of disintegration (8) for 144 gold pieces
 60936 | Vaults:1 | Gained mutation: You are completely covered in sharp spines. [demonic ancestry]
 60936 | Vaults:1 | Reached XP level 23. HP: 198/198 MP: 40/40
 61373 | Vaults:2 | Received a gift from Okawaru
 62095 | Vaults:2 | Found a staircase to the Crypt.
 63415 | Vaults:3 | Found a staircase to the Hall of Blades.
 63589 | Blade    | Entered the Hall of Blades
 63982 | Vaults:4 | Noticed Frederick
 63996 | Vaults:4 | Killed Frederick
 64298 | Vaults:4 | Found Graf's Jewellery Emporium.
 64328 | Vaults:4 | Bought the ring of Faotoupt {Contam rF++ rC+ Int+2 Dam+7} for 2770 gold pieces
 64894 | Vaults:4 | Received a gift from Okawaru
 64899 | Vaults:4 | Got a smoking plate armour {god gift}
 64900 | Vaults:4 | Identified the +3 plate armour of the Clam {rN+ Stlth-} (Okawaru gifted it to you on level 4 of the Vaults)
 65617 | Hell     | Entered the Vestibule of Hell
 65617 | Hell     | Noticed Geryon
 65747 | Depths:1 | Gained mutation: You are completely covered in rugged brown scales (AC +3, +7% HP). [demonic ancestry]
 65747 | Depths:1 | Reached XP level 24. HP: 66/214 MP: 19/41
 66872 | Hell     | Killed Geryon
 66962 | Hell     | Found a gateway to the decaying netherworld of Tartarus.
 67530 | Hell     | Found a gateway to the ashen valley of Gehenna.
 67718 | Hell     | Found a gateway to the Iron City of Dis.
 67847 | Hell     | Found a gateway to the freezing wastes of Cocytus.
 67969 | Depths:3 | Got a pair of ancient gloves
 67973 | Depths:3 | Identified the +2 pair of gloves of Kasyapuikh {rF+} (You acquired it on level 3 of the Depths)
 68343 | Depths:3 | Reached skill level 10 in Spellcasting
 69028 | Depths:4 | Noticed Sojobo
 69236 | Depths:4 | Reached skill level 10 in Charms
 69264 | Depths:4 | Killed Sojobo
 69429 | Depths:4 | Learned a level 2 spell: Blink
 69431 | Depths:4 | Learned a level 1 spell: Apportation
 69471 | Depths:4 | Received a gift from Okawaru
 69908 | Depths:4 | Your ally Sojobo died
 69954 | Depths:4 | Noticed the Enchantress
 69978 | Depths:4 | Killed the Enchantress
 69981 | Depths:4 | Reached skill level 22 in Axes
 69997 | Depths:4 | Reached XP level 25. HP: 168/226 MP: 35/41
 70000 | Depths:4 | Got a faerie dragon armour
 70052 | Depths:4 | Identified the +1 faerie dragon armour {rF+ rC+} (You took it off the Enchantress on level 4 of the Depths)
 70447 | Depths:4 | Found Odeitea's Gadget Emporium.
 70450 | Depths:4 | Bought a wand of teleportation (4) for 384 gold pieces
 70452 | Depths:4 | Bought a wand of teleportation (2) for 288 gold pieces
 70698 | Depths:5 | Entered Level 5 of the Depths
 70787 | Depths:5 | Found Noegytysch's Food Emporium.
 71579 | Depths:5 | Found Tryibyth's Assorted Antiques.
 71588 | Depths:5 | Bought a potion of heal wounds for 168 gold pieces
 71760 | Depths:5 | Found a gate to the Realm of Zot.
 72201 | Elf:1    | Entered Level 1 of the Elven Halls
 72223 | Elf:1    | Found a radiant altar of Vehumet.
 72275 | Elf:1    | Lost mutation: Your mind is acute. (Int +2) [potion of cure mutation]
 72275 | Elf:1    | Lost mutation: You occasionally shout uncontrollably. [potion of cure mutation]
 72368 | Elf:1    | Found a portal to a secret trove of treasure.
 73126 | Elf:2    | Noticed Norris
 73143 | Elf:2    | Killed Norris
 73210 | Elf:2    | Noticed Fannar
 73219 | Elf:2    | Killed Fannar
 73266 | Elf:2    | Noticed Roxanne
 73522 | Elf:2    | Killed Roxanne
 73598 | Elf:3    | Entered Level 3 of the Elven Halls
 74003 | Elf:3    | Gained mutation: You have a fast metabolism. [a neqoxec]
 74047 | Elf:3    | Noticed TheNoid's ghost (mighty HuAK)
 74065 | Elf:3    | Killed TheNoid's ghost
 74386 | Elf:3    | Noticed Nikola
 74407 | Elf:3    | Killed Nikola
 75916 | Vaults:5 | Entered Level 5 of the Vaults
 75922 | Vaults:5 | Gained mutation: You can hurl blasts of hellfire. [demonic ancestry]
 75922 | Vaults:5 | Reached XP level 26. HP: 242/242 MP: 37/42
 75929 | Vaults:5 | Reached skill level 23 in Fighting
 76000 | Vaults:5 | Received a gift from Okawaru
 76081 | Vaults:5 | Gained mutation: You tend to lose your temper in combat. [a shining eye]
 76082 | Vaults:5 | Gained mutation: You often lose your temper in combat. [a shining eye]
 76208 | Vaults:5 | Noticed Wiglaf
 76224 | Vaults:5 | Killed Wiglaf
 76882 | Vaults:5 | Noticed an ancient lich
 76893 | Vaults:5 | Killed an ancient lich
 76988 | Vaults:5 | Reached skill level 24 in Fighting
 77082 | Vaults:5 | Got a silver rune of Zot
 77590 | Vaults:5 | Your ally Wiglaf died
 77746 | Vaults:5 | Identified a +2 rod of ignition (12/12) (You found it on level 5 of the Vaults)
 79054 | Slime:1  | Entered Level 1 of the Pits of Slime
 79121 | Slime:2  | Received a gift from Okawaru
 79253 | Slime:6  | Entered Level 6 of the Pits of Slime
 79483 | Slime:6  | Paralysed by a giant eyeball for 2 turns
 79500 | Slime:6  | Gained mutation: Your magical capacity is low (-10% MP). [a shining eye]
 79966 | Slime:6  | Reached XP level 27. HP: 164/256 MP: 23/37
 80370 | Slime:6  | Found a viscous altar of Jiyva.
 80372 | Slime:6  | Reached skill level 25 in Fighting
 80448 | Slime:6  | Noticed the royal jelly
 80696 | Lair:2   | Lost mutation: Your magical capacity is low (-10% MP). [potion of cure mutation]
 80696 | Lair:2   | Lost mutation: You have a fast metabolism. [potion of cure mutation]
 80696 | Lair:2   | Lost mutation: You often lose your temper in combat. [potion of cure mutation]
 80696 | Lair:2   | Lost mutation: You tend to lose your temper in combat. [potion of cure mutation]
 80994 | Slime:6  | Killed the royal jelly
 81076 | Slime:6  | Got a scintillating bone ring
 81112 | Slime:6  | Got a shimmering lapis lazuli ring
 81119 | Slime:6  | Identified the ring "Xefe" {+/*Tele Dex+3} (You found it on level 6 of the Pits of Slime)
 81120 | Slime:6  | Identified the ring "Pnymauno" {+cTele Str+4} (You found it on level 6 of the Pits of Slime)
 81174 | Slime:6  | Got a slimy rune of Zot
 81544 | Lair:2   | Learned a level 2 spell: Sublimation of Blood
 81551 | Lair:2   | Learned a level 6 spell: Deflect Missiles
 82065 | Trove    | Entered a treasure trove
 82488 | Zot:1    | Entered Level 1 of the Realm of Zot
 83975 | Zot:2    | Reached skill level 26 in Fighting
 83983 | Zot:2    | Gained mutation: Your spells are a little harder to cast, but a little more powerful. [potion of beneficial mutation]
 84613 | Zot:3    | Received a gift from Okawaru
 86454 | Zot:5    | Entered Level 5 of the Realm of Zot
 86474 | Zot:5    | Noticed an orb of fire
 86497 | Zot:5    | Killed an orb of fire
 86514 | Zot:5    | Reached skill level 27 in Fighting
 86920 | Zot:5    | Received a gift from Okawaru
 87456 | Zot:5    | Noticed an ancient lich
 87458 | Zot:5    | Noticed an orb of fire
 87505 | Zot:5    | Killed an orb of fire
 87547 | Zot:5    | Noticed an orb of fire
 87548 | Zot:5    | Noticed an orb of fire
 87548 | Zot:5    | Noticed an orb of fire
 87607 | Zot:5    | Killed an orb of fire
 87629 | Zot:5    | Killed an orb of fire
 87663 | Zot:5    | Killed an orb of fire
 88135 | Zot:5    | Noticed an orb of fire
 88160 | Zot:5    | Killed an orb of fire
 88213 | Zot:5    | Killed an ancient lich
 88377 | Zot:5    | Noticed an ancient lich
 88386 | Zot:5    | Killed an ancient lich
 88414 | Zot:5    | Reached skill level 27 in Axes
 88745 | Depths:1 | Voluntarily entered the Abyss.
 88745 | Abyss:1  | Found a corrupted altar of Lugonu.
 88791 | Abyss:2  | Found a corrupted altar of Lugonu.
 89021 | Abyss:4  | Found a shimmering altar of Xom.
 89021 | Abyss:4  | Found a shimmering altar of Xom.
 89024 | Abyss:4  | Found a shimmering altar of Xom.
 89025 | Abyss:4  | Found a shimmering altar of Xom.
 89025 | Abyss:4  | Found a shimmering altar of Xom.
 89026 | Abyss:4  | Found a shimmering altar of Xom.
 89026 | Abyss:4  | Found a shimmering altar of Xom.
 89026 | Abyss:4  | Found a shimmering altar of Xom.
 89028 | Abyss:4  | Found a shimmering altar of Xom.
 89028 | Abyss:4  | Found a corrupted altar of Lugonu.
 89028 | Abyss:4  | Found a shimmering altar of Xom.
 89028 | Abyss:4  | Found a shimmering altar of Xom.
 89028 | Abyss:4  | Found a shimmering altar of Xom.
 89028 | Abyss:4  | Found a shimmering altar of Xom.
 89045 | Abyss:4  | Found a shimmering altar of Xom.
 89049 | Abyss:4  | Found a shimmering altar of Xom.
 89050 | Abyss:4  | Found a shimmering altar of Xom.
 89052 | Abyss:4  | Found a shimmering altar of Xom.
 89052 | Abyss:4  | Found a shimmering altar of Xom.
 89053 | Abyss:4  | Found a shimmering altar of Xom.
 89053 | Abyss:4  | Found a shimmering altar of Xom.
 89053 | Abyss:4  | Found a shimmering altar of Xom.
 89148 | Abyss:5  | Entered Level 5 of the Abyss
 89148 | Abyss:5  | Found a corrupted altar of Lugonu.
 89198 | Abyss:5  | Received a gift from Okawaru
 89374 | Abyss:5  | Got a transparent copper ring
 89380 | Abyss:5  | Identified the ring "Smiukh" {+/*Tele Stlth--} (You found it on level 5 of the Abyss)
 89461 | Depths:1 | Escaped the Abyss
 89773 | Depths:1 | Voluntarily entered the Abyss.
 90245 | Abyss:2  | Found a corrupted altar of Lugonu.
 90764 | Abyss:3  | Got an abyssal rune of Zot
 91109 | Abyss:3  | Reached skill level 5 in Dodging
 91124 | Depths:1 | Escaped the Abyss
 91207 | Dis:1    | Entered Level 1 of the Iron City of Dis
 91355 | Dis:1    | Reached skill level 10 in Necromancy
 91882 | Hell     | Received a gift from Okawaru
 94558 | Dis:6    | Received a gift from Okawaru
 94559 | Dis:6    | Got an ichor-stained shield {god gift}
 94586 | Dis:6    | Identified the -4 shield of Day {Dex+2 Int-3} (Okawaru gifted it to you on level 6 of the Iron City of Dis)
 94794 | Dis:7    | Entered Level 7 of the Iron City of Dis
 96160 | Dis:7    | Noticed Dispater
 96185 | Dis:7    | Killed Dispater
 96276 | Dis:7    | Got an iron rune of Zot
 96430 | Dis:7    | Got a steaming bone ring
 96478 | Dis:7    | Identified the ring "Idghauwow" {rC+ Str+3 Dam+3} (You took it off an iron devil on level 7 of the Iron City of Dis)
 96914 | Dis:7    | Received a gift from Okawaru
 97191 | Tar:1    | Entered Level 1 of Tartarus
 98016 | Tar:7    | Entered Level 7 of Tartarus
 98829 | Tar:7    | Reached skill level 15 in Necromancy
100253 | Tar:7    | Received a gift from Okawaru
100254 | Tar:7    | Got an ivory broad axe {god gift}
100261 | Tar:7    | Identified the +13,+3 broad axe "Thi Nairch" {speed, MR++ Str+2} (Okawaru gifted it to you on level 7 of Tartarus)
100520 | Tar:7    | Noticed Ereshkigal
101317 | Tar:7    | Mangled by Ereshkigal

Action                   |  1- 3 |  4- 6 |  7- 9 | 10-12 | 13-15 | 16-18 | 19-21 | 22-24 | 25-27 || total
-------------------------+-------+-------+-------+-------+-------+-------+-------+-------+-------++-------
Melee: War axe           |   221 |   232 |   598 |  1257 |    85 |       |       |       |       ||  2393
       Broad axe         |       |       |       |       |  1227 |  1211 |  2224 |  2175 |  4571 || 11408
       Hand axe          |       |       |       |       |    56 |       |       |       |       ||    56
       Scimitar          |       |       |       |       |    28 |       |    33 |       |       ||    61
 Fire: Bow               |       |     2 |       |       |       |       |       |       |       ||     2
       Blowgun           |       |       |       |    17 |       |       |       |       |       ||    17
Throw: Tomahawk          |       |       |     1 |     2 |       |       |       |       |       ||     3
       Throwing net      |       |       |       |       |     2 |       |       |       |       ||     2
       Javelin           |       |       |       |       |       |     1 |     2 |       |     3 ||     6
 Cast: Repel Missiles    |       |       |       |       |       |       |     1 |     4 |     7 ||    12
       Animate Skeleton  |       |       |       |       |       |       |    32 |    39 |    34 ||   105
       Flight            |       |       |       |       |       |       |     2 |     1 |    23 ||    26
       Regeneration      |       |       |       |       |       |       |       |    13 |    67 ||    80
       Animate Dead      |       |       |       |       |       |       |       |    61 |   117 ||   178
       Control Undead    |       |       |       |       |       |       |       |     1 |       ||     1
       Blink             |       |       |       |       |       |       |       |       |     1 ||     1
Invok: Heroism           |       |       |       |    11 |    12 |     9 |    13 |     3 |     8 ||    56
       Finesse           |       |       |       |     4 |     7 |     7 |    13 |     9 |    16 ||    56
Evoke: Wand              |       |     5 |     7 |     7 |    30 |     4 |     7 |     5 |    20 ||    85
       Fan of gales      |       |       |       |     1 |     2 |     1 |       |       |       ||     4
       Deck              |       |       |       |       |       |       |    15 |       |     8 ||    23
  Use: Potion            |       |     6 |     6 |     5 |     6 |    10 |     6 |     7 |    25 ||    71
       Scroll            |       |       |     3 |    27 |    26 |     8 |     9 |    10 |    33 ||   116
 Stab: Distracted        |       |       |       |     1 |     2 |     1 |     2 |    10 |    13 ||    29
       Confused          |       |       |       |       |     5 |       |       |     1 |       ||     6
       Invisible         |       |       |       |       |       |     1 |       |       |       ||     1
